 Dungeon Crawl Stone Soup version 0.31-a0-354-g827e0957a7 (webtiles) character file.

Game seed: 785104354638430925

71 Monkooky the Ruffian (level 3, -2/27 HPs)
             Began as a Demigod Shapeshifter on July 24, 2023.
             Slain by a gnoll
             ... wielding a +0 spear
              (3 damage)
             ... on level 3 of the Dungeon.
             The game lasted 00:01:41 (1980 turns).

Monkooky the Ruffian (Demigod Shapeshifter)         Turns: 1980, Time: 00:01:42

Health: -2/27      AC:  8    Str: 20    XL:     3   Next: 79%
Magic:  5/5        EV:  8    Int: 10    God:
Gold:   142        SH:  0    Dex: 14    Spells: 2/2 levels left

rFire   . .          .
                       - Unarmed
rCold   . . .        (no shield)
rNeg    . . .        o - +0 chain mail
rPois   .            (helmet currently unavailable)
rElec   .            (cloak currently unavailable)
rCorr   .            (gloves currently unavailable)
SInv    .            (boots currently unavailable)
Will    .....        (no amulet) Stlth
                     (no ring)
HPRegen 0.24/turn    (no ring)
MPRegen 0.09/turn

%: no passive effects
@: beast-form
A: beast (slay +1), high MP 1, forlorn, divine attributes
a: Begin Untransformation


You were on level 3 of the Dungeon.
You were a hulking beast.
You visited 1 branch of the dungeon, and saw 3 of its levels.

You collected 142 gold pieces.

Inventory:

Armour
 a - a +0 animal skin
 e - an orb of mayhem
 n - a +0 scale mail
 o - a +0 chain mail (worn)
Talismans
 c - a beast talisman
Scrolls
 f - a scroll of teleportation {unknown}
 g - 2 scrolls of blinking {unknown}
 i - a scroll of fog {unknown}
 j - 3 scrolls of identify {unknown}
 m - a scroll of poison {unknown}
Potions
 b - a potion of lignification
 d - 2 potions of attraction {unknown}
 h - 2 potions of curing {unknown}
 k - a potion of cancellation {unknown}
 l - a potion of might {unknown}


   Skills:
 - Level 0.8 Fighting
 - Level 1.7 Dodging
 + Level 4.5 Unarmed Combat
 - Level 2.6 Shapeshifting


You had 2 spell levels left.
You didn't know any spells.
Your spell library contained the following spells:

 Spells                   Type           Power      Damage    Failure   Level
 Apportation              Tloc           0%         N/A       98%         1
 Alistair's Intoxication  Tmut/Pois      0%         N/A       100%        5


Dungeon Overview and Level Annotations

Branches:
Dungeon (3/15)


Innate Abilities, Weirdness & Mutations

You are a hulking beast.
Your limbs bulge with bestial killing power. (Slay +1)
You have an increased reservoir of magic. (+10% MP)
You shall have no god before yourself.
Your divine heritage dramatically boosts your attributes as you level up.


Message History

You hit the gnoll but do no damage.
The gnoll is almost dead.
The gnoll hits you but does no damage.
You barely miss the gnoll.
The gnoll is almost dead.
The gnoll hits you with a +0 whip.
You are too injured to fight recklessly!
You are too injured to fight recklessly!
You are too injured to fight recklessly!
You are too injured to fight recklessly!
You are too injured to fight recklessly!
You are too injured to fight recklessly!
You are too injured to fight recklessly!
You are too injured to fight recklessly!
You are too injured to fight recklessly!
You are too injured to fight recklessly!
You are too injured to fight recklessly!
You are too injured to fight recklessly!
You are too injured to fight recklessly!
You are too injured to fight recklessly!
You are too injured to fight recklessly!
You are too injured to fight recklessly!
You are too injured to fight recklessly!
You are too injured to fight recklessly!
You are too injured to fight recklessly!
You are too injured to fight recklessly!
You are too injured to fight recklessly!
You are too injured to fight recklessly!
You punch the gnoll!
You kill the gnoll!
You barely miss the gnoll. The gnoll closely misses you. x2
You hit the gnoll.
The gnoll is moderately wounded.
The gnoll hits you but does no damage. The gnoll barely misses you.
You hit the gnoll.
The gnoll is almost dead.
The gnoll hits you with a +0 flail!
* * * LOW HITPOINT WARNING * * *
The gnoll hits you from afar with a +0 spear.
You die...

#.#.# #.##.#
#.#.#######.##.#
#.#............#
#.#########.####
#.# #.)# #.#
##.# #.# #.# #.#
#h# #g# #g# ..#
..# ..## ..# ...
...# ..# #..#
..# ### #..# ..
..# #..#


You could see 2 gnolls.

Vanquished Creatures
  2 gnolls (D:3)
  An adder (D:2)
  A worm (D:2)
  6 endoplasms
  2 giant cockroaches (D:3)
  5 goblins
  2 hobgoblins
  A quokka (D:2)
  5 ball pythons
  6 bats
  2 frilled lizards
  5 kobolds
  5 rats
43 creatures vanquished.

Notes
Turn   | Place    | Note
-------+----------+-------------------------------------------
     0 | D:1      | Monkooky the Demigod Shapeshifter began the quest for the
                  | Orb.
     0 | D:1      | Reached XP level 1. HP: 15/15 MP: 3/3
   192 | D:1      | Reached skill level 3 in Unarmed Combat
   479 | D:1      | Reached XP level 2. HP: 17/22 MP: 4/4
  1097 | D:2      | Reached skill level 4 in Unarmed Combat
  1097 | D:2      | Reached XP level 3. HP: 21/27 MP: 5/5
  1962 | D:3      | Identified the +1 spear of Disarray {heavy, Int+2 Dex+5}
  1980 | D:3      | HP: 1/27 [gnoll/+0 flail (11)]
  1980 | D:3      | Slain by a gnoll

Illustrated notes

Levels and vault maps discovered:
D:1:      dpeg_arrival_connections, layout_basic,
          shapermc_ecumenical_altar_mp_urbaneastern, minmay_misc_feat_enclosed,
          minmay_pentomino_v2
D:2:      minmay_recursive_quarters, layout_basic, supply_closet_lemuel,
          kennysheep_another_room
D:3:      layout_loops_ring

Skill      XL: |  1  2 |
---------------+-------+-----
Unarmed Combat | 3 4 |  4.5
Fighting       | |  0.8
Dodging        | |  1.7
Shapeshifting  | |  2.6

Action                     || total
---------------------------++-------
  Melee: Unarmed           ||   124
   Stab: Sleeping          ||     2
 Armour: Animal skin       ||    22
         Chain mail        ||     3
         Scale mail        ||     1
  Dodge: Dodged            ||    81

Table legend: (Time is in decaauts)
 A = Elapsed time spent in this place.
 B = Non-inter-level travel time spent in this place.
 C = Inter-level travel time spent in this place.
 D = Time resting spent in this place.
 E = Time spent auto-exploring this place.
 F = Levels seen in this place.
 G = Mean time per level.
                   A        B        C        D        E       F      G
               +--------+--------+--------+--------+--------+-----+--------+
         Total |   1972 |   1868 |    104 |      0 |   1554 |   3 |  657.3 |
       Dungeon |   1972 |   1868 |    104 |      0 |   1554 |   3 |  657.3 |
               +--------+--------+--------+--------+--------+-----+--------+

Top non-repeatable levels by time:
     D:1: 781 daAuts
     D:2: 728 daAuts
     D:3: 462 daAuts
